 Dungeon Crawl Stone Soup version 0.31-a0-196-g86fe4a5e66 (webtiles) character file.

Game seed: 17409856269827722295

70 qw the Shooter (level 4, 0/25 HPs)
             Began as a Deep Elf Hunter on June 24, 2023.
             Succumbed to a water moccasin's poison
             ... on level 3 of the Dungeon.
             The game lasted 00:00:34 (1889 turns).

qw the Shooter (Deep Elf Hunter)                    Turns: 1889, Time: 00:00:35

Health: 0/25       AC:  7    Str: 10    XL:     4   Next: 3%
Magic:  6/6        EV: 11    Int: 14    God:
Gold:   207        SH:  0    Dex: 18    Spells: 3/3 levels left

rFire   + . .        Y - +0 shortbow
rCold   . . .        (shield currently unavailable)
rNeg    . . .        a - +0 ring mail
rPois   .            g - +0 helmet
rElec   .            f - +0 cloak
rCorr   .            (no gloves)
SInv    .            (no boots)
Will    .....        (no amulet)
Stlth   +            b - ring of protection from fire
HPRegen 0.24/turn    (no ring)
MPRegen 0.10/turn

%: no passive effects
@: lethally poisoned (0 -> -22)
A: no striking features
a: no special abilities


You were on level 3 of the Dungeon.
You visited 1 branch of the dungeon, and saw 3 of its levels.

You collected 207 gold pieces.


   Skills:
 - Level 1.5 Fighting
 + Level 7.4 Ranged Weapons
 - Level 2.4 Dodging
 - Level 1.2 Stealth


You had 3 spell levels left.
You didn't know any spells.
Your spell library was empty.

Inventory:

Hand Weapons
 Y - a +0 shortbow (weapon)
Armour
 a - a +0 ring mail (worn)
 c - a +0 pair of gloves
 f - a +0 cloak (worn)
 g - a +0 helmet (worn)
Jewellery
 b - a ring of protection from fire (left hand)
Scrolls
 i - 2 scrolls of enchant armour {unknown}
 j - a scroll of blinking {unknown}
 m - a scroll of revelation {unknown}
Potions
 d - a potion of cancellation {unknown}
 e - a potion of lignification {unknown}
 h - a potion of heal wounds {unknown}
 k - 2 potions of curing {unknown}
 l - a potion of enlightenment {unknown}

Dungeon Overview and Level Annotations

Branches:
Dungeon (3/15)

Altars:
Qazlal

Annotations:
D:1 2 runed translucent doors


Message History

Enter note:
Found 7 stones.
Enter note:
Enter note:
Enter note:
Enter note: You now have 207 gold pieces (gained 11).
A water moccasin comes into view.
The water moccasin moves out of view.
Enter note:
Enter note:
Enter note:
Enter note:
Enter note:
Enter note:
Enter note:
Enter note: You shoot an arrow.
The arrow hits the water moccasin.
The water moccasin is lightly wounded.
The water moccasin closely misses you.
You shoot an arrow. The arrow hits the water moccasin.
The water moccasin is moderately wounded.
The water moccasin bites you.
You are poisoned.
The water moccasin poisons you!
The water moccasin bites you but does no damage.
You shoot an arrow. The arrow misses the water moccasin.
You feel very sick. The water moccasin closely misses you.
The water moccasin bites you!
You are lethally poisoned!
The water moccasin poisons you!
You shoot an arrow.
The arrow closely misses the water moccasin.
You feel extremely sick.
The water moccasin bites you but does no damage.
The water moccasin barely misses you.
You shoot an arrow.
The arrow hits the water moccasin but does no damage.
The water moccasin is moderately wounded.
You die...

...........####
##......_.....
#.#.......############
#.....................
#...###.#.###########.
#.#.# #.#.# #.
###.###.#.# #.
#.....#.#.# #.
#.#.#@#...# #.
#.(.#S#...# #.
#####.#.#.# #. ..#.#.#
#. #.# #. #.# #. #.#
#. #.. #. #.


You could see a water moccasin.

Vanquished Creatures
  2 adders
  2 dart slugs
  5 endoplasms
  A giant cockroach (D:1)
  7 goblins
  3 hobgoblins
  2 jackals (D:2)
  4 kobolds
  4 quokkas
  2 ball pythons (D:2)
  5 bats
  6 frilled lizards
  2 rats
45 creatures vanquished.

Notes
Turn   | Place    | Note
-------+----------+-------------------------------------------
     0 | D:1      | qw the Deep Elf Hunter began the quest for the Orb.
     0 | D:1      | Reached XP level 1. HP: 12/12 MP: 3/3
     0 | D:1      | 0 ||| qw: Version: 0.3-a-9-g12657ce
     0 | D:1      | 0 ||| qw: Game counter: 4844
     0 | D:1      | 0 ||| qw: Always use a shield: true
     0 | D:1      | 0 ||| qw: God list: Okawaru
     0 | D:1      | 0 ||| qw: Allow faded altars: false
     0 | D:1      | 0 ||| qw: Do Orc after D:15 true
     0 | D:1      | 0 ||| qw: Do second Lair branch before Depths: true
     0 | D:1      | 0 ||| qw: Lair rune preference: random
     0 | D:1      | 0 ||| qw: Plans: Normal
     0 | D:1      | 0 ||| PLANNING D:1-11
    49 | D:1      | Found a large runed translucent door.
    49 | D:1      | Found a large runed translucent door.
    87 | D:1      | Reached XP level 2. HP: 16/16 MP: 4/4
   192 | D:1      | Reached skill level 6 in Ranged Weapons
   880 | D:1      | 880 ||| UPGRADING to +0 helmet.
   885 | D:1      | 885 ||| DROPPING ring of magical power.
   886 | D:1      | 886 ||| READING scroll labelled WEYL PUITUKUE.
   887 | D:1      | 887 ||| READING scroll labelled ZYETEETREN.
   888 | D:1      | 888 ||| READING scroll labelled NYLOZUL WUYNG.
   889 | D:1      | 889 ||| DROPPING scroll of butterflies.
  1001 | D:2      | Reached XP level 3. HP: 20/20 MP: 5/5
  1058 | D:2      | 1058 ||| Stepping ~*~*~tactically~*~*~ (outnumbered).
  1092 | D:2      | Reached skill level 7 in Ranged Weapons
  1393 | D:2      | 1393 ||| UPGRADING to +0 ring mail.
  1403 | D:2      | 1403 ||| DROPPING +0 leather armour.
  1404 | D:2      | 1404 ||| UPGRADING to +0 cloak.
  1409 | D:2      | 1409 ||| UPGRADING to ring of protection from fire.
  1585 | D:3      | Reached XP level 4. HP: 25/25 MP: 6/6
  1867 | D:3      | Found a stormy altar of Qazlal.
  1883 | D:3      | Noticed a water moccasin
  1888 | D:3      | HP: 5/25 [poisoned by a water moccasin]
  1889 | D:3      | Succumbed to a water moccasin's poison

Levels and vault maps discovered:
D:1:      erik_arrival_cave_to_civilisation [erik_arrival_cave_to_temple],
          layout_basic
D:2:      layout_rooms
D:3:      layout_basic, mainiacjoe_overflow_boulevard,
          hellmonk_ghost_happy_afterlife, minmay_tree_intersection

Skill      XL: |  1  2  3 |
---------------+----------+-----
Ranged Weapons | 6 7 |  7.4
Fighting       | |  1.5
Dodging        | |  2.4
Stealth        | |  1.2

Action                     |  1- 3 |  4- 6 || total
---------------------------+-------+-------++-------
   Fire: Shortbow          |    88 |    19 ||   107
    Use: Scroll            |     3 |       ||     3
 Armour: Leather armour    |     1 |       ||     1
         Ring mail         |       |     5 ||     5
  Dodge: Dodged            |    17 |     5 ||    22

Table legend:
 A = Non-vault XP
 B = Vault XP
 C = Vault XP percentage of total XP
 D = Non-vault monster count
 E = Vault monster count
 F = Vault count percentage of total count
                 A         B        C        D         E       F
            +---------+---------+-------+---------+---------+-------
      Total |      98 |       2 |   2.0 |      43 |       2 |   4.4
            +---------+---------+-------+---------+---------+-------
        D:1 |      32 |       2 |   5.9 |      18 |       2 |  10.0
        D:2 |      44 |       0 |   0.0 |      18 |       0 |   0.0
        D:3 |      22 |       0 |   0.0 |       7 |       0 |   0.0
            +---------+---------+-------+---------+---------+-------
